 Dungeon Crawl Stone Soup version 0.23.1-44-gbd83930989 (webtiles) character file.

Game seed: 12290915770524528167

280 PentaManta the Covert (level 6, -8/42 HPs)
             Began as an Octopode Assassin on Mar 30, 2019.
             Killed from afar by an orc wizard (10 damage)
             ... with a magic dart
             ... on level 2 of the Dungeon.
             The game lasted 00:04:18 (2123 turns).

PentaManta the Covert (Octopode Assassin)           Turns: 2123, Time: 00:04:19

Health: -8/42      AC:  1    Str: 11    XL:     6   Next: 27%
Magic:  6/6        EV: 14    Int: 13    God:
Gold:   167        SH:  0    Dex: 15    Spells: 5/5 levels left

rFire    . . .     SeeInvis .   h - +2 dagger (pain)
rCold    . . .     Gourm    .   (no shield)
rNeg     . . .     Faith    .   (helmet restricted)
rPois    .         Spirit   .   (no amulet)
rElec    .         Reflect  .   (no ring)
rCorr    .         Harm     .   (no ring)
MR       .....                  (no ring)
Stlth    +++++.....             (no ring)
HPRegen  0.14/turn              (no ring)
MPRegen  0.10/turn              (no ring)
                                (no ring)
                                (no ring)

@: no status effects
A: almost no armour, stealthy swim, amphibious, 8 rings, constrict 8, camouflage
1, gelatinous body 1
a: no special abilities


You were on level 2 of the Dungeon.
You were hungry.

You visited 1 branch of the dungeon, and saw 3 of its levels.

You collected 167 gold pieces.

Inventory:

Hand Weapons
 b - a +0 blowgun
 h - a +2 dagger of pain (weapon)
 x - a +0 long sword
Missiles
 c - 8 poisoned needles
 d - 2 curare-tipped needles
Jewellery
 y - an uncursed ring of fire {unknown}
Wands
 r - a wand of iceblast (7)
 s - a wand of digging (4)
Scrolls
 a - a scroll of teleportation {unknown}
 i - 8 scrolls of identify {unknown}
 j - 2 scrolls of noise {unknown}
 k - a scroll of fog {unknown}
 n - a scroll of enchant weapon {unknown}
 q - a scroll of fear {unknown}
 u - a scroll of remove curse {unknown}
 w - a scroll of enchant armour {unknown}
 z - a scroll of immolation {unknown}
Potions
 e - 2 potions of curing {unknown}
 g - a potion of lignification {unknown}
 l - 2 potions of degeneration {unknown}
 m - 2 potions of flight {unknown}
 o - a potion of brilliance {unknown}
 p - 2 potions of resistance {unknown}
 t - a potion of cancellation {unknown}
 v - 2 potions of heal wounds {unknown}
Comestibles
 f - 6 rations


   Skills:
 + Level 3.5 Fighting
 - Level 2.0 Short Blades
 - Level 2.0 Throwing
 + Level 3.0 Dodging
 * Level 8.2 Stealth


You had 5 spell levels left.
You didn't know any spells.
Your spell library contained the following spells:

 Spells                   Type           Power        Failure   Level  Hunger
 Animate Skeleton         Necr           N/A          30%         1    ##.....
 Apportation              Tloc           #.....       30%         1    ##.....
 Confusing Touch          Hex            #.....       30%         1    ##.....
 Summon Small Mammal      Summ           #...         30%         1    ##.....


Dungeon Overview and Level Annotations

Branches:
Dungeon (3/15)

Altars:

Annotations:
D:3 2 transporters


Innate Abilities, Weirdness & Mutations

You cannot wear most types of armour.
You are very stealthy in the water. (Stealth+)
You are amphibious.
You can wear up to eight rings at the same time.
You can use your tentacles to constrict eight enemies at once.
Your skin changes colour to match your surroundings (Stealth+).
Your rubbery body absorbs attacks. (AC +1, EV +1)


Message History

The orc wizard hits you with a +1 dagger of protection.
You hit the orc wizard but do no damage.
You squeeze the orc wizard, but do no damage.
The orc wizard is heavily wounded.
You constrict the orc wizard, but do no damage.
The orc hits you with a +0 mace.
The orc wizard hits you with a +1 dagger of protection.
* * * LOW HITPOINT WARNING * * *
You hit the orc wizard but do no damage.
The orc wizard is heavily wounded.
You constrict the orc wizard. The orc barely misses you.
The orc wizard casts a spell at you. The magic dart hits you!
* * * LOW HITPOINT WARNING * * *
You hit the orc wizard but do no damage.
The orc wizard is heavily wounded.
You constrict the orc wizard.
The orc wizard gestures at you while chanting.
The magic dart hits you!
You die...

### #..#.##########.#
..###..#.# #.#
#........##########.#
#####...............##
####.#.###.####..#
######..#.# #.# #..#
#^......#.###.####..#
#.####...........#..#
#.# ##.#.#####@o#..#
#.# #.#..# #.o#..# #.#
#.##.# #..#..# #.#
#.##.# #..#..# #.#
#.##.####..#..# #.#
#.............# ##.#
####.####..##.#
...#######........##.#
............<....###.##


You could see an orc wizard and an orc.

Vanquished Creatures
  A scorpion (D:2)
  An orc priest (D:3)
  2 orc wizards (D:3)
  8 adders
  A worm (D:3)
  A dart slug (D:1)
  2 leopard geckos (D:3)
  5 orcs (D:3)
  4 giant cockroaches
  2 goblins (D:1)
  8 hobgoblins
  6 jackals
  A ball python (D:1)
  6 bats
  8 frilled lizards
  7 kobolds
  4 rats
67 creatures vanquished.

Notes
Turn   | Place    | Note
-------+----------+-------------------------------------------
     0 | D:1      | PentaManta the Octopode Assassin began the quest for the
                  | Orb.
     0 | D:1      | Reached XP level 1. HP: 14/14 MP: 1/1
    75 | D:1      | Reached XP level 2. HP: 19/19 MP: 2/2
   323 | D:1      | Reached skill level 6 in Stealth
   327 | D:1      | Reached XP level 3. HP: 20/25 MP: 3/3
  1122 | D:2      | Noticed a scorpion
  1171 | D:2      | Killed a scorpion
  1171 | D:2      | Reached skill level 7 in Stealth
  1171 | D:2      | Reached XP level 4. HP: 14/30 MP: 4/4
  1405 | D:3      | Found a transporter.
  1421 | D:3      | Found a transporter.
  1501 | D:3      | Reached XP level 5. HP: 23/36 MP: 5/5
  1823 | D:3      | Reached XP level 6. HP: 38/42 MP: 6/6
  1832 | D:3      | Reached skill level 8 in Stealth
  2122 | D:2      | HP: 2/42 [orc wizard/magic dart (9)]
  2123 | D:2      | Killed from afar by an orc wizard

Skill      XL: |  1  2  3  4  5  6 |
---------------+-------------------+-----
Stealth        | 6 7 8 |  8.2
Dodging        | 2 3 |  3.0
Fighting       | 3 |  3.5
Short Blades   | |  2.0
Throwing       | |  2.0

Action                   |  1- 3 |  4- 6 || total
-------------------------+-------+-------++-------
Melee: Dagger            |    70 |    76 ||   146
       Constrict         |    16 |    20 ||    36
       Tentacles         |     8 |    19 ||    27
Evoke: Wand              |       |     1 ||     1
 Stab: Sleeping          |    11 |     8 ||    19
  Eat: Chunk             |       |     3 ||     3
Armor: Skin              |     7 |     4 ||    11
Dodge: Dodged            |    32 |    54 ||    86
